 Dungeon Crawl Stone Soup version 0.30-a0-422-g946f4849ff (webtiles) character file.

Game seed: 15645501060873151150

2542 cforsyth the Cleaver (level 9, -4/86 HPs)
             Began as a Hill Orc Monk on Dec 8, 2022.
             Slain by a kobold demonologist
             ... wielding a +0 dagger
              (5 damage)
             ... on level 7 of the Dungeon.
             The game lasted 00:14:26 (7527 turns).

cforsyth the Cleaver (Hill Orc Monk)                Turns: 7527, Time: 00:14:26

Health: -4/86      AC:  8    Str: 18    XL:     9   Next: 55%
Magic:  9/9        EV: 11    Int: 10    God:
Gold:   437        SH:  0    Dex: 13    Spells: 8/8 levels left

rFire   . . .      SeeInvis .    y - +2 flail (drain)
rCold   . . .      Faith    .    (no shield)
rNeg    . . .      Spirit   .    h - +0 ring mail
rPois   .          Reflect  .    B - +0 helmet
rElec   .          Harm     .    (no cloak)
rCorr   .          Rampage  .    (no gloves)
Will    .....                    F - +0 pair of boots
Stlth   +.........               (no amulet)
HPRegen 0.34/turn                (no ring)
MPRegen 0.11/turn                (no ring)

@: no status effects
A: no striking features
a: no special abilities


You were on level 7 of the Dungeon.
You visited 1 branch of the dungeon, and saw 8 of its levels.

You collected 437 gold pieces.

Inventory:

Hand Weapons
 a - a +0 hand axe
 y - a +2 flail of draining (weapon)
Armour
 h - a +0 ring mail (worn)
 B - a +0 helmet (worn)
 F - a +0 pair of boots (worn)
Jewellery
 A - a ring of ice
Wands
 l - a wand of acid (2)
 u - a wand of mindburst (2)
 v - a wand of flame (14)
 E - a wand of roots (4)
Scrolls
 b - 3 scrolls of teleportation {unknown}
 d - a scroll of torment {unknown}
 e - 2 scrolls of poison {unknown}
 g - 2 scrolls of noise {unknown}
 i - 7 scrolls of identify {unknown}
 j - 3 scrolls of fear {unknown}
 m - 2 scrolls of butterflies {unknown}
 n - a scroll of silence {unknown}
 p - 3 scrolls of amnesia {unknown}
 s - 3 scrolls of immolation {unknown}
 w - a scroll of magic mapping {unknown}
 C - a scroll of vulnerability {unknown}
Potions
 c - a potion of ambrosia
 f - a potion of haste
 k - 3 potions of degeneration {unknown}
 o - 5 potions of curing {unknown}
 q - 3 potions of brilliance {unknown}
 r - a potion of berserk rage {unknown}
 t - a potion of might {unknown}
 x - a potion of flight {unknown}
 z - a potion of lignification {unknown}
 D - a potion of cancellation {unknown}


   Skills:
 + Level 10.4 Fighting
 + Level 11.4 Axes
 - Level 5.0 Armour
 - Level 2.5 Dodging
 - Level 1.8 Stealth


You had 8 spell levels left.
You didn't know any spells.
Your spell library contained the following spells:

 Spells                   Type           Power      Damage    Failure   Level
 Magic Dart               Conj           0%         1d3       54%         1
 Call Imp                 Summ           0%         N/A       67%         2
 Frozen Ramparts          Ice            0%         1d1       88%         3
 Mephitic Cloud           Conj/Pois/Air  0%         N/A       88%         3
 Ice Form                 Ice/Tmut       0%         N/A       99%         4
 Summon Ice Beast         Ice/Summ       0%         N/A       99%         4
 Summon Mana Viper        Hex/Summ       0%         N/A       100%        5
 Monstrous Menagerie      Summ           0%         N/A       100%        7


Dungeon Overview and Level Annotations

Branches:
Dungeon (8/15)             Temple (0/1) D:5
   Lair: D:8-11

Altars:

Annotations:
D:5 2 transporters, Ekaitz's ghost, novice DsFE


Message History

The ynoxinul gestures at you. The iron shot misses you.
You hit the kobold demonologist but do no damage.
You drain the kobold demonologist.
The kobold demonologist is almost dead.
The chaos spawn gores you but does no damage.
The kobold demonologist casts a cantrip, but nothing happens.
The ynoxinul gestures.
Unknown command.
You completely miss the kobold demonologist.
The kobold demonologist is almost dead.
The chaos spawn completely misses you.
The kobold demonologist mumbles some strange words.
The ynoxinul gestures.
The chaos spawn closely misses you.
Unknown command.
You closely miss the kobold demonologist.
The kobold demonologist is almost dead.
The shadow imp disappears in a puff of smoke!
The ufetubus hits you but does no damage. x2
The kobold demonologist hits you but does no damage.
The ynoxinul hits you. The ufetubus barely misses you. x2
The white imp shouts, "Give up, thou puking two-tin-hat erk!"
The chaos spawn hits you!
* * * LOW HITPOINT WARNING * * *
You are engulfed in flames!
* * * LOW HITPOINT WARNING * * *
The kobold demonologist barely misses you.
Unknown command.
Unknown command.
Unknown command.
The ufetubus barely misses you. The ufetubus hits you.
* * * LOW HITPOINT WARNING * * *
The ynoxinul hits you but does no damage.
The chaos spawn hits you.
* * * LOW HITPOINT WARNING * * *
The chaos spawn freezes you!
* * * LOW HITPOINT WARNING * * *
The kobold demonologist hits you with a +0 dagger.
You die...

..# #.###.#.#############. #.#
#.#<#.#.# #. #.# #.#.#.#.# #. #.#
###.#.#.#.# #. #.# #.5...#.#.# #.
#.# #.....#.#.# #. ..#
#.....#.#.# #.
..########....5#5#.#############.
.........'....53@#...............
.#########....54K#..#############
.'.............55)..#
.####....###.######.#
.####.............#.#
##......h####.###.#.#
#..............#.#.#
##...##..####.#.#.#.#
........>..#.(#.#.#.#


You could see a kobold demonologist (drained), a ynoxinul (summoned), a chaos
spawn (summoned), 2 white imps, a shadow imp (summoned) and 4 ufetubi.

Vanquished Creatures
  A two-headed ogre (D:7)
  Pikel (D:5)
  A wyvern (D:8)
  A water moccasin (D:7)
  An orc warrior (D:7)
  Pargi (D:3)
  A sky beast (D:6)
  An ogre (D:6)
  A phantom (D:6)
  A bullfrog (D:6)
  2 scorpions
  2 howler monkeys (D:6)
  A hound (D:4)
  2 jellies
  A gnoll bouda (D:5)
  Ijyb (D:5)
  Jessica (D:3)
  3 iguanas
  3 orc wizards
  4 gnolls
  7 adders
  A shadow imp (D:8)
  A white imp (D:5)
  2 worms
  3 dart slugs
  11 orcs
  10 ball pythons
  6 endoplasms
  2 giant cockroaches
  3 hobgoblins
  4 jackals (D:2)
  4 kobolds
  3 quokkas
  2 bats
  3 frilled lizards
  3 goblins
  4 rats
99 creatures vanquished.

Vanquished Creatures (others)
  6 plants (D:5)
6 creatures vanquished.

Grand Total: 105 creatures vanquished

Notes
Turn   | Place    | Note
-------+----------+-------------------------------------------
     0 | D:1      | cforsyth the Hill Orc Monk began the quest for the Orb.
     0 | D:1      | Reached XP level 1. HP: 19/19 MP: 1/1
   133 | D:1      | Reached XP level 2. HP: 27/27 MP: 2/2
   886 | D:2      | Reached XP level 3. HP: 23/33 MP: 3/3
  1065 | D:2      | Found a faded altar of an unknown god.
  1087 | D:2      | Reached skill level 1 in Armour
  1675 | D:3      | Noticed Pargi
  1688 | D:3      | Killed Pargi
  1689 | D:3      | Reached skill level 5 in Axes
  1689 | D:3      | Reached XP level 4. HP: 8/41 MP: 4/4
  1689 | D:3      | Reached XP level 5. HP: 10/47 MP: 5/5
  1877 | D:3      | Noticed Jessica
  1889 | D:3      | Killed Jessica
  1890 | D:3      | Reached skill level 5 in Fighting
  2783 | D:4      | Reached XP level 6. HP: 49/56 MP: 6/6
  2931 | D:4      | Reached skill level 6 in Axes
  3283 | D:5      | Entered Level 5 of the Dungeon
  3304 | D:5      | Noticed Ekaitz's ghost (novice DsFE)
  3587 | D:5      | Noticed Ijyb
  3591 | D:5      | Paralysed by Ijyb for 4 turns
  3599 | D:5      | Paralysed by Ijyb for 4 turns
  3613 | D:5      | Killed Ijyb
  3867 | D:5      | Found a transporter.
  3867 | D:5      | Found a transporter.
  4089 | D:5      | Noticed Pikel
  4100 | D:5      | Killed Pikel
  4101 | D:5      | Reached skill level 7 in Axes
  4101 | D:5      | Reached skill level 5 in Armour
  4101 | D:5      | Reached XP level 7. HP: 10/64 MP: 7/7
  4334 | D:5      | Found a staircase to the Ecumenical Temple.
  4391 | D:5      | Reached XP level 8. HP: 54/73 MP: 8/8
  4513 | D:6      | Reached skill level 8 in Axes
  5157 | D:6      | Reached skill level 9 in Axes
  6097 | D:7      | You fall into a shaft and drop 1 floor!
  6100 | D:8      | Noticed a wyvern
  6109 | D:8      | Killed a wyvern
  6367 | D:7      | Identified the +5 battleaxe of Vuucosm {speed, rPois rN++
                  | Str+3 Dex-4}
  6578 | D:7      | Reached skill level 10 in Axes
  6578 | D:7      | Reached XP level 9. HP: 81/83 MP: 9/9
  7311 | D:7      | Noticed a two-headed ogre
  7318 | D:7      | Killed a two-headed ogre
  7318 | D:7      | Noticed a kobold demonologist
  7319 | D:7      | Reached skill level 10 in Fighting
  7319 | D:7      | Reached skill level 11 in Axes
  7527 | D:7      | HP: 1/86 [chaos spawn[a kobold demonologist] (10)]
  7527 | D:7      | Slain by a kobold demonologist

Illustrated notes

Levels and vault maps discovered:
D:1:      nagdon_arrival_zigzag_paths, layout_basic
D:2:      layout_loops_ring, hellmonk_ecumenical_altar_zigzags
D:3:      layout_basic, nicolae_concentric_dashed_squares_mild, uniq_pargi,
          uniq_jessica
D:4:      layout_loops_cross
D:5:      layout_loops_corners, minmay_temple_entry_enclosed_plants,
          gammafunk_ghost_gnarly_gnolls, uniq_ijyb, uniq_pikel
D:6:      layout_cave_pools
D:7:      minmay_cornered_nines, layout_basic
D:8:      layout_loops_ring, serial_shops, shop, corner_web_ring,
          chequers_hall_statues_corner_a, chequers_garden

Skill      XL: |  1  2  3  4  5  6  7  8  9 |
---------------+----------------------------+-----
Fighting       | 4 5 6 7 9 10 | 10.4
Armour         | 2 3 5 |  5.0
Axes           | 5 7 10 11 | 11.4
Dodging        | |  2.5
Stealth        | |  1.8

Action                   |  1- 3 |  4- 6 |  7- 9 || total
-------------------------+-------+-------+-------++-------
Melee: Hand axe          |   125 |   161 |    58 ||   344
       Punch             |       |     1 |     3 ||     4
       Flail             |       |       |    97 ||    97
Evoke: Wand              |     2 |     4 |    19 ||    25
 Stab: Sleeping          |     2 |     2 |     1 ||     5
Armor: Robe              |     3 |       |       ||     3
       Ring mail         |    41 |    46 |    73 ||   160
Dodge: Dodged            |    74 |    85 |   103 ||   262

Table legend: (Time is in decaauts)
 A = Elapsed time spent in this place.
 B = Non-inter-level travel time spent in this place.
 C = Inter-level travel time spent in this place.
 D = Time resting spent in this place.
 E = Time spent auto-exploring this place.
 F = Levels seen in this place.
 G = Mean time per level.
                   A        B        C        D        E       F      G
               +--------+--------+--------+--------+--------+-----+--------+
         Total |   7562 |   7416 |    146 |   1318 |   4870 |   8 |  945.2 |
       Dungeon |   7562 |   7416 |    146 |   1318 |   4870 |   8 |  945.2 |
               +--------+--------+--------+--------+--------+-----+--------+

Top non-repeatable levels by time:
     D:5: 2145 daAuts
     D:6: 941 daAuts
     D:3: 932 daAuts
     D:7: 926 daAuts
     D:1: 873 daAuts
     D:4: 775 daAuts
     D:2: 713 daAuts
     D:8: 253 daAuts
